 Dungeon Crawl Stone Soup version 0.25-a0-890-g62861fb195 (webtiles) character file.

Game seed: 7274561568833404942, levelgen mode: deterministic

4 Esekla the Conjurer (level 1, -3/13 HPs)
             Began as a Formicid Conjurer on May 2, 2020.
             Was an Initiate of Vehumet.
             Slain by a centaur skeleton (6 damage)
             ... on level 8 of the Dungeon.
             The game lasted 00:07:22 (1200 turns).

Esekla the Conjurer (Formicid Conjurer)             Turns: 1200, Time: 00:07:22

Health: -3/13      AC:  2    Str: 12    XL:     1   Next: 77%
Magic:  3/3        EV: 12    Int: 14    God:    Vehumet [......]
Gold:   7          SH:  0    Dex: 11    Spells: 3/4 levels left

rFire    . . .     SeeInvis +   h - +1 war axe (vamp)
rCold    . . .     Gourm    .   (no shield)
rNeg     . . .     Faith    .   a - +0 robe
rPois    .         Spirit   .   (helmet unavailable)
rElec    .         Reflect  .   (no cloak)
rCorr    .         Harm     .   (no gloves)
MR       .....                  (no boots)
Stlth    ++........             (no amulet)
HPRegen  0.04/turn              (no ring)
MPRegen  0.08/turn              (no ring)

@: no status effects
A: permanent stasis, dig shafts and tunnels, four strong arms, antennae 3
a: Dig, Shaft Self, Renounce Religion


You were on level 8 of the Dungeon.
You worshipped Vehumet.
Vehumet was noncommittal.
You were not hungry.

You visited 1 branch of the dungeon, and saw 6 of its levels.

You collected 7 gold pieces.

Inventory:

Hand Weapons
 h - a +1 vampiric war axe (weapon)
Missiles
 f - 5 boomerangs (quivered)
Armour
 a - a +0 robe (worn)
Scrolls
 b - a scroll of enchant weapon {unknown}
 d - a scroll of amnesia {unknown}
 g - a scroll of fog {unknown}
Potions
 e - a potion of heal wounds {unknown}
Comestibles
 c - a ration


   Skills:
 * Level 0.2 Fighting
 * Level 0.2 Armour
 + Level 1.8 Dodging
 - Level 2.4 Stealth
 * Level 2.2 Spellcasting
 + Level 3.7 Conjurations


You had 3 spell levels left.
You knew the following spells:

 Your Spells              Type           Power        Failure   Level  Hunger
a - Magic Dart            Conj           ##..         4%          1    #......

Your spell library contained the following spells:

 Spells                   Type           Power        Failure   Level  Hunger
 Searing Ray              Conj           ##....       8%          2    ###....
 Dazzling Flash           Conj/Hex       #.....       32%         3    ###....
 Fulminant Prism          Conj/Hex       #.........   71%         4    #####..
 Iskenderun's Mystic Bla  Conj/Tloc      #.......     71%         4    #####..


Dungeon Overview and Level Annotations

Branches:
Dungeon (4/15)
 Temple: D:4-7

Altars:
Vehumet

Annotations:
D:3 Natasha


Innate Abilities, Weirdness & Mutations

You cannot be hasted, slowed, berserked, paralysed or teleported.
You can dig through walls and to a lower floor.
Your four strong arms can wield two-handed weapons with a shield.
You have a pair of large antennae on your head. (SInv)


Message History

There is a stone staircase leading up here.
There is a stone staircase leading up here.
Found a smoky ruby potion.
Found a runed war axe.
A centaur skeleton comes into view.
You see here a runed war axe.
h - a runed war axe You feel a sense of dread.
h - a +1 vampiric war axe (weapon)
The centaur skeleton misses you.
You hit the centaur skeleton.
The centaur skeleton is lightly damaged.
The centaur skeleton completely misses you.
The centaur skeleton hits you.
You slash the centaur skeleton!
The centaur skeleton is heavily damaged.
The centaur skeleton hits you.
* * * LOW HITPOINT WARNING * * *
The centaur skeleton hits you.
You die...

{ #.....##..........
#....##.#.......#
#....##..........
#.........<......
########................
...........####.(.......
#.........####.........
#......Z.!............#
#.....@...#....#.....##
#.........############
#.........# ..##....#.##
# ####.### #.# #.# #.#


You could see a centaur skeleton.

Vanquished Creatures
  2 goblins (D:3)
  A hobgoblin (D:1)
  A ball python (D:2)
4 creatures vanquished.

Notes
Turn   | Place    | Note
-------+----------+-------------------------------------------
     0 | D:1      | Esekla the Formicid Conjurer began the quest for the Orb.
     0 | D:1      | Reached XP level 1. HP: 13/13 MP: 3/3
    44 | D:2      | You fall into a shaft and drop 1 floor!
   445 | D:3      | Noticed Natasha
   481 | D:4      | Noticed a black bear
   590 | D:2      | You fall into a shaft and drop 1 floor!
   862 | D:3      | Found a radiant altar of Vehumet.
   872 | D:3      | Became a worshipper of Vehumet
   878 | D:3      | You fall into a shaft and drop 3 floors!
   878 | D:6      | Noticed an ice beast
   882 | D:6      | Noticed a hound
   908 | D:6      | Noticed a crimson imp
   911 | D:6      | You fall into a shaft and drop 2 floors!
  1200 | D:8      | Slain by a centaur skeleton

Levels and vault maps discovered:
D:1:      eino_arrival_water_cross, layout_rooms
D:2:      layout_loops_ring, overflow_temple_1_default, first_ration,
          chequers_ecumenical_altar_simple, kennysheep_generic_room_10
D:3:      layout_loops_ring, okawaru_altar_gauntlet_db, tgw_xom,
          vehumet_crystals, uniq_natasha
D:4:      layout_cave_pods, lemuel_crystal_altar, ebering_ghost_disaster_area,
          uniq_edmund
D:6:      layout_basic, tso_oasis_becter, nicolae_overflow_crystal_walls,
          fedhas_altar_2
D:8:      layout_rooms, overflow_temple_1_default,
          nicolae_overflow_hidden_temple, ebering_ghost_disaster_area,
          kennysheep_boxes, uniq_grum, uniq_pikel

Action                   || total
-------------------------++-------
Melee: War axe           ||     2
       Unarmed           ||     1
 Cast: Magic Dart        ||    10
 Abil: Shaft Self        ||     4
  Eat: Ration            ||     1
Armor: Robe              ||     5
Dodge: Dodged            ||    30

Table legend:
 A = Non-vault XP
 B = Vault XP
 C = Vault XP percentage of total XP
 D = Non-vault monster count
 E = Vault monster count
 F = Vault count percentage of total count
                 A         B        C        D         E       F
            +---------+---------+-------+---------+---------+-------
      Total |       7 |       0 |   0.0 |       4 |       0 |   0.0
            +---------+---------+-------+---------+---------+-------
        D:1 |       2 |       0 |   0.0 |       1 |       0 |   0.0
        D:2 |       1 |       0 |   0.0 |       1 |       0 |   0.0
        D:3 |       4 |       0 |   0.0 |       2 |       0 |   0.0
            +---------+---------+-------+---------+---------+-------
